 Dungeon Crawl Stone Soup version 0.17.2 (webtiles) character file.

721 Goblin1989 the Basher (level 7, -4/41 HPs)
             Began as a Gargoyle Fighter on May 31, 2016.
             Was a Follower of Okawaru.
             Slain by a wight
             ... wielding a +3 scimitar
              (6 damage)
             ... on level 6 of the Dungeon.
             The game lasted 00:20:26 (1615 turns).

Goblin1989 the Basher (Gargoyle Fighter)            Turns: 1615, Time: 00:20:26

Health: -4/41      AC: 15    Str: 27    XL:     7   Next: 70%
Magic:  7/7        EV:  6    Int:  8    God:    Okawaru [*.....]
Gold:   51         SH:  9    Dex:  9    Spells: 0 memorised, 6 levels left

rFire  . . .     SeeInvis .     a - +0 flail
rCold  . . .     Clarity  .     l - +0 chain mail
rNeg   + . .     SustAt   .     c - +0 shield
rPois  ∞         Gourm    .     h - +0 helmet
rElec  +         Spirit   .     (no cloak)
rCorr  .         Warding  .     (no gloves)
rMut   .         Stasis   .     (no boots)
MR     .....                    (no amulet)
Stlth  ..........               (no ring)
                                (no ring)

@: mighty, not resistant to hostile enchantments, extremely unstealthy
A: negative energy resistance 1, electricity resistance, unbreathing,
petrification resistance, rot immunity, AC +4
a: Heroism, Renounce Religion


You were on level 6 of the Dungeon.
You worshipped Okawaru.
Okawaru was aware of your devotion.
You were not hungry.

You visited 2 branches of the dungeon, and saw 7 of its levels.
You also visited: Sewer.

You collected 109 gold pieces.
You spent 58 gold pieces at shops.

Inventory:

Hand Weapons
 a - a +0 flail (weapon)
Missiles
 f - 5 javelins (quivered)
Armour
 c - a +0 shield (worn)
 h - a +0 helmet (worn)
 l - a +0 chain mail (worn)
Magical Staves
 p - an uncursed staff of death {rN+}
Wands
 b - a wand of magic darts (28)
 d - a wand of teleportation (6)
Scrolls
 k - a scroll of teleportation
 n - 2 scrolls of identify
Potions
 j - 2 potions of brilliance
Comestibles
 e - 4 bread rations
 g - 4 fruits
 m - a beef jerky
 o - a meat ration


   Skills:
 - Level 3.2 Fighting
 * Level 8.5 Maces & Flails
 - Level 3.2 Armour
 - Level 3.2 Shields


You had 6 spell levels left.
You didn't know any spells.

Dungeon Overview and Level Annotations

Branches:
Dungeon (6/15)             Temple (1/1) D:4

Altars:
Fedhas
Nemelex Xobeh
Okawaru
Sif Muna

Shops:
D:5 *

Annotations:
D:6 Menkaure


Innate Abilities, Weirdness & Mutations

You are resistant to torment.
Your stone body is resilient (AC +4).
You are immune to poison.
You resist negative energy.
You are resistant to electric shocks.
You can survive without breathing.
You are immune to petrification.
You are immune to rotting.


Message History

Pain shoots through your body!
* * * LOW HITPOINT WARNING * * *
An ogre comes into view. It is wielding a giant club.
Unknown command.
Drink which item? (? for menu, Esc to quit)
Okay, then.
Read which item? (? for menu, Esc to quit)
Okay, then.
Here: a wight, wielding a morningstar of freezing and wearing a robe The floor.
Unknown command.
You barely miss Menkaure.
The ogre shouts!
You block the wight's attack. The wight hits you but does no damage.
The wight hits you but does no damage. x3
You block Menkaure's attack.
You barely miss Menkaure. The wight barely misses you.
The wight hits you but does no damage.
The wight hits you with an enchanted scimitar.
You die...

.... .....
.... #..###
#....##
#.....#######
#..Z.......#
###zzz.......
#..z@zo......
#.###Mo......
# #o.......
#........
..O......
.#....... .
.......
......


You could see an ogre, Menkaure, 5 wights, 3 orcs and a giant frog skeleton.

Vanquished Creatures
  2 sky beasts (D:5)
  2 giant frogs (Sewer)
  2 scorpions
  A hound (D:5)
  3 worker ants
  7 adders
  10 oozes
  A worm (D:2)
  An orc (D:4)
  12 ball pythons (Sewer)
  10 giant cockroaches
  2 goblins
  A hobgoblin (D:1)
  10 jackals
  A quokka (D:2)
  A bat (D:1)
  11 giant geckos
  10 giant newts (Sewer)
  A kobold (D:1)
  2 rats (D:1)
90 creatures vanquished.

Notes
Turn   | Place    | Note
--------------------------------------------------------------
     0 | D:1      | Goblin1989 the Gargoyle Fighter began the quest for the Orb.
     0 | D:1      | Reached XP level 1. HP: 14/14 MP: 1/1
    60 | D:1      | Reached XP level 2. HP: 12/19 MP: 2/2
   168 | D:2      | Reached XP level 3. HP: 3/23 MP: 3/3
   425 | D:4      | Found a staircase to the Ecumenical Temple.
   458 | D:4      | Reached skill level 4 in Maces & Flails
   458 | D:4      | Reached XP level 4. HP: 20/28 MP: 4/4
   493 | D:4      | Noticed a scorpion
   513 | D:4      | Killed a scorpion
   513 | D:4      | Reached skill level 5 in Maces & Flails
   513 | D:4      | Reached XP level 5. HP: 16/32 MP: 5/5
   528 | D:4      | Found a glowing drain.
   548 | Sewer    | Entered a sewer
   806 | Sewer    | Reached skill level 6 in Maces & Flails
   825 | Sewer    | Reached XP level 6. HP: 24/37 MP: 6/6
  1053 | Sewer    | Reached skill level 7 in Maces & Flails
  1097 | Temple   | Entered the Ecumenical Temple
  1122 | Temple   | Became a worshipper of Warmaster Okawaru
  1131 | Temple   | Wingboner: Эх.
  1133 | Temple   | Wingboner: Не успел.
  1133 | Temple   | Wingboner: Хотел хепла предложить.
  1133 | Temple   | Goblin1989: ?
  1133 | Temple   | Wingboner: Новый бог.
  1133 | Temple   | Goblin1989: в 0,17 нет
  1133 | Temple   | Wingboner: А, ты в эту версию играешь.
  1133 | Temple   | Goblin1989: я вообще не уверен что эта гаргулья далеко уйдет
  1133 | Temple   | Goblin1989: я спидранить пытаюсь же
  1133 | Temple   | Wingboner: Ну, один из самых простых билдов.
  1133 | Temple   | Wingboner: А.
  1149 | D:4      | Wingboner: Нет желания на бима подписаться?
  1149 | D:4      | Goblin1989: потому и окавару
  1149 | D:4      | Wingboner: Но почему?
  1149 | D:4      | Goblin1989: та хз
  1149 | D:4      | Wingboner: Ока для спидрана не оче.
  1149 | D:4      | Goblin1989: как там это сделать?
  1149 | D:4      | Goblin1989: нормально
  1149 | D:4      | Goblin1989: героин тащит
  1178 | D:5      | Entered Level 5 of the Dungeon
  1186 | D:4      | Wingboner: http://crawl.xtahua.com:8080/#watch-Wingboner
  1186 | D:4      | Wingboner: !beem subscribe
  1186 | D:4      | Wingboner: Там напиши.
  1186 | D:4      | Goblin1989: все
  1186 | D:4      | Wingboner: Во.
  1201 | D:4      | Wingboner: !hs goblin1989
  1203 | D:4      | beem: 672. Goblin1989 the Invulnerable (L27 DsBe of Cheibriados), escaped with the Orb and 15 runes on 2015-10-18 02:31:21, with 10646062 points after 157563 turns and 1d+4:45:11.
  1203 | D:4      | Goblin1989: у меня одна 15-и рунка пока
  1256 | D:5      | Reached XP level 7. HP: 25/41 MP: 7/7
  1350 | D:5      | Reached skill level 8 in Maces & Flails
  1516 | D:6      | Found a sparkling altar of Nemelex Xobeh.
  1527 | D:6      | Wingboner: !lg goblin1989 min=dur won
  1527 | D:6      | beem: 10. Goblin1989 the Sensei (L25 VSMo of Ru), escaped with the Orb and 3 runes on 2016-04-28 08:36:38, with 1719883 points after 71956 turns and 6:42:46.
  1527 | D:6      | Wingboner: !lg goblin1989 min=turns won
  1527 | D:6      | beem: 10. Goblin1989 the Sensei (L25 VSMo of Ru), escaped with the Orb and 3 runes on 2016-04-28 08:36:38, with 1719883 points after 71956 turns and 6:42:46.
  1527 | D:6      | Goblin1989: Сталкер вообще самый шикарный мой персонаж пока что
  1558 | D:6      | Wingboner: Перекати-поле вообще одна из лучших рас.
  1563 | D:5      | Goblin1989: если уметь играть за них
  1563 | D:5      | Wingboner: Да чего там уметь.
  1563 | D:5      | Wingboner: Тяжёлый армор, квикблейд.
  1563 | D:5      | Wingboner: И понеслась.
  1563 | D:5      | Wingboner: Если ещё есть источник стаба, то вообще машина убийства, но и без него неплохо.
  1563 | D:5      | crauler: ну теперь есть рю
  1563 | D:5      | crauler: помимо зина
  1563 | D:5      | Goblin1989: мне понадобилось ровно 100 попыток чтобы выиграть им.
  1563 | D:5      | crauler: гозаг как вариант
  1563 | D:5      | Wingboner: Ещё Гозаг или Хепл или Ука.
  1563 | D:5      | crauler: да, ука
  1563 | D:5      | Wingboner: Или Чеи.
  1563 | D:5      | crauler: хепл для стабов же не очень
  1563 | D:5      | Wingboner: Ты чего?
  1563 | D:5      | Wingboner: Хепл отлично стабает.
  1563 | D:5      | Wingboner: Я пробовал.
  1563 | D:5      | Wingboner: И отвлечение и проклятия.
  1563 | D:5      | Goblin1989: мне немного афк побыть нужно
  1563 | D:5      | crauler: м, нейму не вкатило
  1563 | D:5      | Wingboner: Случается. Я скоро вообще побегу по куче дел.
  1563 | D:5      | Wingboner: Ну, начать с того, что под слоу все, даже небо, даже аллах.
  1563 | D:5      | Wingboner: Одно это уже весьма нефиговая абилка.
  1563 | D:5      | crauler: я больше идеализацию делал
  1563 | D:5      | crauler: слоу долго висит?
  1563 | D:5      | Wingboner: Не, слоу как специализация чантера.
  1563 | D:5      | crauler: а
  1563 | D:5      | Wingboner: Он спамит.
  1563 | D:5      | Wingboner: ??metabolic englaciation
  1563 | D:5      | beem: metabolic englaciation[1/1]: Level 5 Ice/Hex. Attempts to slow all non-rC+ monsters in sight. The duration of the slowing is based on power and reduced by monster HD (and unaffected by MR). Slows each target for 3d(pow)/6 - random2(HD) turns. Cold-blooded monsters are slowed for twice as long.
  1563 | D:5      | Wingboner: Вот эту радость.
  1563 | D:5      | crauler: non rC
  1563 | D:5      | Wingboner: >unaffected by MR
  1563 | D:5      | Wingboner: А rC мало у кого есть, в основном это только нежить.
  1563 | D:5      | crauler: рунвальш опять собрал все анранды, лол
  1563 | D:5      | Wingboner: Лол.
  1563 | D:5      | Wingboner: Вот же делать нечего человеку.
  1563 | D:5      | Wingboner: Но в последнем ране он вроде не настолько суров был, как раньше.
  1563 | D:5      | Wingboner: Раньше я его смотреть не мог.
  1563 | D:5      | Wingboner: А сейчас нормально.
  1563 | D:5      | crauler: да вообще быстро
  1563 | D:5      | crauler: 140к
  1563 | D:5      | Wingboner: !lg runewalsh x=dur
  1563 | D:5      | beem: 3199. [dur=17:53:33] runewalsh the Champion of Chaos (L27 OpIE of Makhleb), escaped with the Orb and 15 runes on 2016-05-31 04:06:15, with 12159805 points after 140683 turns and 17:53:33.
  1563 | D:5      | crauler: http://underhound.eu:81/crawl/morgue/runewalsh/morgue-runewalsh-20160531-040615.txt
  1563 | D:5      | Wingboner: !lg runewalsh x=dur -10
  1563 | D:5      | beem: 3190/3199. [dur=0:07:18] runewalsh the Chiller (L6 OpIE of Ru), slain by a centaur skeleton on D:4 (st_stairs_3) on 2016-05-28 00:26:57, with 310 points after 3053 turns and 0:07:18.
  1563 | D:5      | Wingboner: !lg runewalsh x=dur -10 won
  1563 | D:5      | beem: 1/10. [dur=15:43:14] runewalsh the Englaciator (L27 OpIE of Vehumet), escaped with the Orb and 15 runes on 2014-07-23 16:15:55, with 13311880 points after 121891 turns and 15:43:14.
  1563 | D:5      | Wingboner: !lg runewalsh x=dur,zigscompleted
  1563 | D:5      | beem: 3199. [dur=17:53:33;zigscompleted=13] runewalsh the Champion of Chaos (L27 OpIE of Makhleb), escaped with the Orb and 15 runes on 2016-05-31 04:06:15, with 12159805 points after 140683 turns and 17:53:33.
  1563 | D:5      | Wingboner: !lg runewalsh x=dur,zigscompleted -2
  1563 | D:5      | beem: 3198/3199. [dur=0:00:21;zigscompleted=0] runewalsh the Chiller (L1 OpIE), slain by a jackal on D:1 on 2016-05-29 12:01:38, with 4 points after 138 turns and 0:00:21.
  1563 | D:5      | Wingboner: !lg runewalsh x=dur,zigscompleted won -2
  1563 | D:5      | beem: 9/10. [dur=7:21:48;zigscompleted=3] runewalsh the Intangible (L27 OpIE of Xom), escaped with the Orb and 15 runes on 2016-01-23 02:38:28, with 21054290 points after 74442 turns and 7:21:48.
  1563 | D:5      | Wingboner: Ладно, у меня время. Пойду собираться да подамся по делам.
  1563 | D:5      | Wingboner: Успехов тут.
  1569 | D:5      | Reached * piety under Okawaru
  1572 | D:5      | Found Odaup's Assorted Antiques.
  1582 | D:5      | Bought a scroll of identify for 58 gold pieces
  1604 | D:6      | Noticed Menkaure
  1613 | D:6      | HP: 1/41 [Menkaure/nerve-wracking pain (9)]
  1615 | D:6      | Slain by a wight

Action                   |  1- 3 |  4- 6 |  7- 9 || total
-------------------------+-------+-------+-------++-------
Melee: Flail             |    89 |   304 |    60 ||   453
  Use: Scroll            |     2 |       |     3 ||     5
       Potion            |       |     1 |     4 ||     5
  Eat: Chunk             |       |     2 |     2 ||     4
